 Dungeon Crawl Stone Soup version 0.26-a0-712-ga5a9c9c9d0 (webtiles) character file.

Game seed: 12147254380074823874

1318 kae the Changer (level 8, 0/96 HPs)
             Began as a Naga Transmuter on Nov 5, 2020.
             Was a Priest of Cheibriados.
             Succumbed to an orc's poison
             ... on level 6 of the Dungeon.
             The game lasted 00:05:39 (7148 turns).

kae the Changer (Naga Transmuter)                   Turns: 7148, Time: 00:05:39

Health: 0/96       AC: 24    Str: 23    XL:     8   Next: 59%
Magic:  14/14      EV:  1    Int: 20    God:    Cheibriados [***...]
Gold:   340        SH:  0    Dex: 18    Spells: 2/15 levels left

rFire    . . .     SeeInvis +     - Unarmed
rCold    . . .     Faith    .   (no shield)
rNeg     + + +     Spirit   .   (armour currently unavailable)
rPois    +         Reflect  .   (helmet currently unavailable)
rElec    .         Harm     .   (cloak currently unavailable)
rCorr    .         Rampage  .   (gloves currently unavailable)
MR       +....     NoTele   +   (no barding)
Stlth    ++........             (no amulet)
HPRegen  0.26/turn              (no ring)
MPRegen  0.14/turn              (no ring)

@: lethally poisoned (0 -> -37), tree-form, very slow
A: large, see invisible, spit poison 1, AC +2
a: Spit Poison, Bend Time, Temporal Distortion, Renounce Religion


You were on level 6 of the Dungeon.
You worshipped Cheibriados.
Cheibriados was most pleased with you.
You were a tree.
You visited 2 branches of the dungeon, and saw 7 of its levels.

You collected 340 gold pieces.

Inventory:

Armour
 a - a +0 robe (melded)
 d - a +0 cloak (melded)
 k - a +0 barding (melded)
Jewellery
 b - an uncursed amulet of regeneration
 x - an uncursed ring of protection from magic {unknown}
Wands
 n - a wand of iceblast (6)
 t - a wand of paralysis (8)
Scrolls
 c - 5 scrolls of identify
 h - 6 scrolls of remove curse
 l - a scroll of blinking
 p - a scroll of immolation
 q - 3 scrolls of fear
 u - a scroll of enchant weapon
 v - a scroll of amnesia
 w - a scroll of teleportation
Potions
 e - a potion of berserk rage
 f - 3 potions of haste
 g - a potion of degeneration
 m - 4 potions of brilliance
 o - 3 potions of might
 s - a potion of stabbing


   Skills:
 - Level 1.0 Fighting
 - Level 1.5 Dodging
 + Level 5.8 Unarmed Combat
 - Level 4.0 Spellcasting
 * Level 7.3 Transmutations
 * Level 2.2 Ice Magic
 - Level 3.0 Poison Magic


You had 2 spell levels left.
You knew the following spells:

 Your Spells              Type           Power        Failure   Level
a - Beastly Appendage     Tmut           ####..       1%          1
b - Spider Form           Tmut/Pois      ###.......   4%          3
c - Blade Hands           Tmut           ####......   17%         5
d - Ice Form              Ice/Tmut       ###.....     19%         4

Your spell library contained the following spells:

 Spells                   Type           Power        Failure   Level
 Wereblood                Tmut           ####....     1%          2


Dungeon Overview and Level Annotations

Branches:
Dungeon (6/15)             Temple (1/1) D:5

Altars:
Ashenzari
Cheibriados
Dithmenos
Elyvilon
Fedhas
Gozag
Hepliaklqana
Kikubaaqudgha
Makhleb
Nemelex Xobeh
Okawaru
Qazlal
Ru
Sif Muna
Trog
Uskayaw
Wu Jian
Xom
Yredelemnul
Zin
The Shining One

Shops:
D:5 (   D:6 }(}

Annotations:
D:3 1 runed translucent door, kae's ghost, amateur NaTm


Innate Abilities, Weirdness & Mutations

You cannot wear boots.
((Your serpentine skin is tough. (AC +2)))
You have supernaturally acute eyesight. (SInv)
((Armour fits poorly on your strangely shaped body.))
((Your system is resistant to poisons. (rPois)))
((You cover ground very slowly.))
You can spit poison.


Message History

You feel very sick.
It was a potion of magic.
Magic courses through your body.
* * * LOW HITPOINT WARNING * * *
You feel very sick.
Okay, then.
Unknown command.
Okay, then.
Okay, then.
As you read the scroll labeled LAHYEG SENKO, it crumbles to dust.
It is a scroll of amnesia.
Really abort (and waste the scroll)? [Y]es or [N]o only, please.
Really abort (and waste the scroll)?
Okay, then.
* * * LOW HITPOINT WARNING * * *
You feel sick.
As you read the scroll labeled NOIPRAMUEFA, it crumbles to dust.
The air around you briefly surges with heat, but it dissipates.
It was a scroll of immolation.
You die...

##### . ....
.. ..#
...#####.##
..........#
......)...##
#....)♣.).#
#....)).#.##
#.......#..#
##+#....##.##
#######..#
##.# #.##
##..#####
#.......#


There were no monsters in sight!

Vanquished Creatures
  An ice beast (D:5)
  A sky beast (D:5)
  2 centaurs (D:5)
  2 scorpions (D:5)
  2 howler monkeys (D:4)
  6 hounds
  3 orc priests
  2 bullfrog skeletons
  2 iguanas (D:4)
  4 orc wizards
  Ijyb (D:4)
  Natasha (D:2)
  A worker ant (D:4)
  A howler monkey zombie (D:5)
  3 gnolls (D:5)
  6 adders
  An ufetubus (D:5)
  An ooze (D:4)
  4 worms
  6 dart slugs
  4 leopard geckos
  16 orcs
  5 giant cockroaches
  5 goblins
  4 hobgoblins
  11 jackals
  7 kobolds
  3 quokkas
  7 bats
  4 frilled lizards
  A jackal zombie (D:5)
  A leopard gecko zombie (D:5)
  11 rats
129 creatures vanquished.

Notes
Turn   | Place    | Note
-------+----------+-------------------------------------------
     0 | D:1      | kae the Naga Transmuter began the quest for the Orb.
     0 | D:1      | Reached XP level 1. HP: 18/18 MP: 3/3
   306 | D:1      | Reached XP level 2. HP: 10/25 MP: 3/5
   323 | D:1      | HP: 1/25 [bat (1)]
  1484 | D:1      | Reached skill level 3 in Transmutations
  1484 | D:1      | Reached XP level 3. HP: 29/31 MP: 4/6
  1489 | D:1      | Learned a level 3 spell: Spider Form
  1800 | D:1      | Reached skill level 1 in Poison Magic
  2213 | D:2      | Reached XP level 4. HP: 33/38 MP: 7/7
  2414 | D:2      | Found a shimmering blue altar of Sif Muna.
  2538 | D:2      | Noticed Natasha
  2546 | D:2      | Killed Natasha
  3086 | D:3      | Reached XP level 5. HP: 15/44 MP: 4/8
  3486 | D:3      | Reached skill level 4 in Transmutations
  3488 | D:3      | HP: 3/66 [orc/+1 vorpal flail (5)]
  3814 | D:3      | Found a snail-covered altar of Cheibriados.
  3823 | D:3      | Became a worshipper of Cheibriados the Contemplative
  3897 | D:3      | Noticed kae's ghost (amateur NaTm)
  3898 | D:3      | Found a runed translucent door.
  4254 | D:3      | Reached * piety under Cheibriados
  4618 | D:4      | Reached XP level 6. HP: 51/51 MP: 6/10
  4717 | D:4      | Noticed Ijyb
  4725 | D:4      | Killed Ijyb
  4912 | D:4      | Reached skill level 5 in Transmutations
  5026 | D:4      | Reached XP level 7. HP: 47/57 MP: 7/12
  5097 | D:4      | Reached ** piety under Cheibriados
  5319 | D:5      | Entered Level 5 of the Dungeon
  5374 | D:5      | Reached skill level 6 in Transmutations
  5381 | D:5      | Reached skill level 5 in Unarmed Combat
  5563 | D:5      | Reached XP level 8. HP: 23/64 MP: 10/14
  6115 | D:5      | Found Jeerghuc's Weapon Shoppe.
  6190 | D:5      | Learned a level 5 spell: Blade Hands
  6195 | D:5      | Learned a level 4 spell: Ice Form
  6220 | D:5      | Found a broken altar of Ashenzari.
  6225 | D:5      | Reached *** piety under Cheibriados
  6225 | D:5      | Reached skill level 7 in Transmutations
  6310 | D:5      | Reached skill level 1 in Ice Magic
  6599 | D:5      | Found a staircase to the Ecumenical Temple.
  6605 | Temple   | Entered the Ecumenical Temple
  6874 | D:6      | Found a sparkling altar of Nemelex Xobeh.
  6936 | D:6      | Found Leyseo's Gadget Boutique.
  6967 | D:6      | Found Xuhuer's Weapon Shop.
  6975 | D:6      | Found Pikedgh's Gadget Boutique.
  7147 | D:6      | HP: 3/96 [poisoned by an orc]
  7148 | D:6      | Succumbed to an orc's poison

Illustrated notes

Levels and vault maps discovered:
D:1:      co_arrival_square_in_a_square_in_a_square, layout_basic, minivault_5
D:2:      layout_rooms, marbit_many_paths, serial_glass, glass_columns_b,
          glass_columns_c, glass_columns_a, uniq_natasha
D:3:      layout_loops_corners, hellmonk_ghost_happy_afterlife,
          kennysheep_slug_shrine
D:4:      layout_basic, minmay_pentomino_pile, uniq_ijyb
D:5:      layout_loops_ring, nicolae_overflow_crystal_walls,
          minmay_temple_entry_fiery, serial_shops, shop, minmay_circle_x
D:6:      layout_basic, nemelex_xobeh_ov_fountains_minmay, serial_shops,
          kennysheep_mini, shop, nicolae_shop_crystal, shop_fountains,
          dk_yredelemnul_ordeal
Temple:   dpeg_five_rooms_temple

Skill      XL: |  1  2  3  4  5  6  7  8 |
---------------+-------------------------+-----
Transmutations | 3 4 5 6 7 |  7.3
Poison Magic   | 1 2 3 |  3.0
Unarmed Combat | 4 5 |  5.8
Spellcasting   | 3 4 |  4.0
Ice Magic      | 2 |  2.2
Fighting       | |  1.0
Dodging        | |  1.5

Action                   |  1- 3 |  4- 6 |  7- 9 || total
-------------------------+-------+-------+-------++-------
Melee: Unarmed           |    80 |   166 |   121 ||   367
       Headbutt          |     3 |     2 |       ||     5
 Cast: Beastly Appendage |    11 |     5 |       ||    16
       Spider Form       |     2 |    17 |    17 ||    36
 Abil: Spit Poison       |    19 |    23 |    15 ||    57
  Use: Potion            |       |     3 |     4 ||     7
       Scroll            |       |       |    13 ||    13
Armor: Robe              |    24 |    46 |    13 ||    83
       Skin              |     4 |     6 |     5 ||    15
Dodge: Dodged            |    82 |   102 |   113 ||   297

Table legend: (Time is in decaauts)
 A = Elapsed time spent in this place.
 B = Non-inter-level travel time spent in this place.
 C = Inter-level travel time spent in this place.
 D = Time resting spent in this place.
 E = Time spent auto-exploring this place.
 F = Levels seen in this place.
 G = Mean time per level.
                   A        B        C        D        E       F      G
               +--------+--------+--------+--------+--------+-----+--------+
         Total |   9368 |   8850 |    518 |    905 |   6929 |   7 | 1338.3 |
       Dungeon |   8862 |   8450 |    412 |    905 |   6529 |   6 | 1477.0 |
        Temple |    506 |    401 |    105 |      0 |    400 |   1 |  506.0 |
               +--------+--------+--------+--------+--------+-----+--------+

Top non-repeatable levels by time:
     D:1: 2380 daAuts
     D:3: 2222 daAuts
     D:5: 1714 daAuts
     D:4: 1164 daAuts
     D:2: 975 daAuts
  Temple: 506 daAuts
     D:6: 405 daAuts
